 Dungeon Crawl Stone Soup version 0.32-a0-646-g91cf321817 (webtiles) character file.

Game seed: 12611181912734323387

11 GordonOverkill the Sneak (level 2, -3/19 HPs)
             Began as a Deep Elf Delver on Mar 8, 2024.
             Was an Initiate of Vehumet.
             Slain by an iguana (10 damage)
             ... on level 6 of the Dungeon.
             The game lasted 00:01:07 (237 turns).

GordonOverkill the Sneak (Deep Elf Delver)           Turns: 237, Time: 00:01:07

Health: -3/19      AC:  3    Str:  9    XL:     2   Next: 13%
Magic:  4/4        EV: 12    Int: 14    God:    Vehumet [......]
Gold:   14         SH:  0    Dex: 16    Spells: 2/2 levels left

rFire   . . .        a - +0 short sword
rCold   . . .        (no shield)
rNeg    . . .        b - +0 leather armour
rPois   .            (no helmet)
rElec   .            (no cloak)
rCorr   .            (no gloves)
SInv    .            (no boots)
Will    .....        (no amulet)
Stlth   +++          (no ring)
HPRegen 0.23/turn    (no ring)
MPRegen 0.09/turn

%: no passive effects
@: hasted, very quick
A: no striking features
a: Renounce Religion


You were on level 6 of the Dungeon.
You worshipped Vehumet.
Vehumet was noncommittal.
You visited 2 branches of the dungeon, and saw 3 of its levels.

You collected 14 gold pieces.

Inventory:

Hand Weapons
 a - a +0 short sword (weapon)
Armour
 b - a +0 leather armour (worn)
Jewellery
 h - a ring of ice
Wands
 g - a wand of digging (3)
Scrolls
 c - a scroll of fog
 d - a scroll of revelation


   Skills:
 - Level 3.0 Fighting
 - Level 2.0 Short Blades
 - Level 2.4 Dodging
 - Level 6.0 Stealth
 + Level 0.5 Spellcasting


You had 2 spell levels left.
You didn't know any spells.
Your spell library contained the following spells:

 Spells                   Type           Power      Damage    Failure   Level
 Volatile Blastmotes      Fire/Tloc      0%         2d10      75%         3
 Fulminant Prism          Conj/Alch      0%         3d5       98%         4
 Iskenderun's Mystic Bla  Conj/Tloc      0%         2d3       98%         4


Dungeon Overview and Level Annotations

Branches:
Dungeon (6/15)             Temple (1/1) D:5

Altars:
Ashenzari
Cheibriados
Dithmenos
Fedhas
Gozag
Hepliaklqana
Kikubaaqudgha
Makhleb
Nemelex Xobeh
Okawaru
Sif Muna
Uskayaw
Vehumet
Xom
Yredelemnul
The Shining One


Message History

There is a hazy altar of Hepliaklqana here.
There is an ancient bone altar of Kikubaaqudgha here.
There is a glowing golden altar of the Shining One here.
There is a staircase back to the Dungeon here.
You climb upwards.
There is a staircase to the Ecumenical Temple here. 2 ufetubi come into view.
The ufetubus shouts! x2
The ufetubus slips past you! The ufetubus closely misses you.
The ufetubus hits you but does no damage.
The ufetubus closely misses you. The ufetubus barely misses you.
You hear an angry hiss.
An ice beast comes into view.
The ufetubus closely misses you. x2
Found a scroll labelled YCHAIQIAHA.
Found a stone staircase leading down.
The ufetubus hits you but does no damage.
The ufetubus barely misses you.
Found 15 gold pieces.
Found an escape hatch in the floor.
You see here a book of Blasting.
You pick up a book of Blasting and begin reading...
You add the spells Volatile Blastmotes, Fulminant Prism and Iskenderun's Mystic Blast to your library.
The ufetubus hits you. The ufetubus barely misses you.
As you read the scroll of fear, it crumbles to dust.
You assume a fearsome visage.
The ice beast looks frightened!
The ufetubus looks frightened! x2
An iguana comes into view.
The iguana moves out of view.
Found a ring mail.
There is a stone staircase leading down here.
You climb downwards.
The iguana hisses angrily.
The iguana bites you!
Ouch! That really hurt!
* * * LOW HITPOINT WARNING * * *
Found a scroll labelled YTIRUH UWOIRI.
There is a stone staircase leading up, spattered with blood here.
Okay, then.
You feel yourself speed up. The iguana bites you!
Ouch! That really hurt!
You die...

... ... #
.# ## ..#
.# ...
..#.##.
.... .#...
.....
?..##
#....#...#
#....l@#
#....#.#
#... #.#
#.# #.. #
### .


You could see an iguana.

Vanquished Creatures
  An adder (D:5)
  An orc (D:6)
2 creatures vanquished.

Notes
Turn   | Place    | Note
-------+----------+-------------------------------------------
     0 | D:5      | GordonOverkill the Deep Elf Delver began the quest for the
                  | Orb.
     0 | D:5      | Reached XP level 1. HP: 13/13 MP: 3/3
     4 | D:6      | Noticed a howler monkey
    57 | D:6      | Noticed a centaur
    94 | D:5      | Reached XP level 2. HP: 5/19 MP: 4/4
   168 | D:5      | Found a staircase to the Ecumenical Temple.
   178 | Temple   | Entered the Ecumenical Temple
   198 | Temple   | Became a worshipper of Vehumet
   223 | D:5      | Noticed an ice beast
   237 | D:6      | Slain by an iguana

Illustrated notes

Levels and vault maps discovered:
D:5:      layout_basic, minmay_temple_entry_steel_oval
D:6:      layout_rooms, trog_book, serial_corexii_hall, chequers_hall_statues_y,
          corexii_hall_statues_x, corexii_hall_statues_x,
          chequers_hall_statues_corner_a, monkooky_shop_mail_order, uniq_sigmund
Temple:   lightli_temple_of_artemis

Skill      XL: |  1 |
---------------+----+-----
Fighting       | 3 |  3.0
Short Blades   | |  2.0
Dodging        | |  2.4
Stealth        | |  6.0
Spellcasting   | |  0.5

Action                     || total
---------------------------++-------
  Melee: Short sword       ||    21
    Use: Scroll            ||     1
         Potion            ||     1
 Armour: Leather armour    ||    14
  Dodge: Dodged            ||    21

Table legend: (Time is in decaauts)
 A = Elapsed time spent in this place.
 B = Non-inter-level travel time spent in this place.
 C = Inter-level travel time spent in this place.
 D = Time resting spent in this place.
 E = Time spent auto-exploring this place.
 F = Levels seen in this place.
 G = Mean time per level.
                   A        B        C        D        E       F      G
               +--------+--------+--------+--------+--------+-----+--------+
         Total |    234 |    190 |     44 |     62 |      0 |   3 |   78.0 |
       Dungeon |    193 |    187 |      6 |     62 |      0 |   2 |   96.5 |
        Temple |     40 |      2 |     38 |      0 |      0 |   1 |   40.0 |
               +--------+--------+--------+--------+--------+-----+--------+

Top non-repeatable levels by time:
     D:5: 134 daAuts
     D:6: 59 daAuts
  Temple: 40 daAuts
